Map: Acid Plant LE

Players

SpeCial

  • Race: Terran Terran
  • Spawn Location: 11:00

ShoWTimE - Winner!

  • Race: Protoss Protoss
  • Spawn Location: 5:00

Event: WCS Montreal 2018

VOD

Have the link to the VOD?

Description

Time

  • Played on: Sept. 7, 2018, 9:01 p.m.
  • Length: 19:13

All games in this series

Show
View Real Time Build Order
Export as new Build Order

SpeCial Terran 

Build Orders: Cyclone Opening, MMM Bio 

Get SALT Encoding   

  12  0:00  SCV  
  13  0:12  SCV  
  14  0:17  Supply Depot  
  14  0:24  SCV  
  15  0:29  Refinery  
  15  0:38  SCV  
  16  0:44  Barracks  
  16  0:50  SCV  
  17  1:02  SCV  
  18  1:15  SCV  
  19  1:31  Orbital Command, Marine  
  20  1:41  Command Center  
  20  1:52  Factory  
  20  1:56  Barracks Reactor  
  20  1:59  SCV  
  21  2:08  Refinery  
  21  2:11  SCV  
  21  2:14  Supply Depot  
  22  2:23  SCV  
  23  2:35  SCV  
  24  2:45  Cyclone  
  24  2:47  Marine  
  24  2:49  Cyclone  
  31  2:53  SCV  
  31  2:55  Orbital Command  
  32  3:05  SCV  
  33  3:07  Marine  
  33  3:11  Starport  
  34  3:17  SCV  
  35  3:22  SCV  
  35  3:24  Hellion  
  35  3:26  Hellion  
  40  3:29  SCV, Marine  
  42  3:34  Supply Depot  
  42  3:38  SCV  
  42  3:39  Liberator  
  43  3:41  SCV  
  43  3:48  Starport Tech Lab  
  44  3:50  Hellion  
  46  3:56  Hellion  
  46  3:57  Supply Depot  
  46  4:00  SCV x2  
  53  4:10  Bunker  
  53  4:12  SCV  
  54  4:19  SCV  
  54  4:23  Factory Tech Lab  
  54  4:24  SCV, Marine x2  
  56  4:29  Supply Depot  
  58  4:31  SCV  
  58  4:36  SCV  
  60  4:41  Starport Tech Lab, Marine  
  60  4:42  Marine  
  62  4:51  SCV x2  
  62  4:59  Marine x2  
  57  5:01  Raven  
  57  5:03  SCV x2  
  62  5:07  Command Center  
  62  5:11  Siege Tank  
  65  5:15  Supply Depot, SCV x2  
  65  5:17  Barracks x2  
  65  5:18  Engineering Bay  
  67  5:27  SCV x2  
  67  5:28  Refinery x2  
  70  5:37  Supply Depot  
  70  5:39  SCV x2  
  70  5:41  Engineering Bay  
  71  5:43  Siege Tank  
  71  5:46  Barracks Tech Lab  
  74  5:51  SCV x2  
  74  5:55  Terran Infantry Weapons Level 1  
  76  6:00  Supply Depot  
  76  6:04  SCV x2  
  78  6:07  Barracks  
  78  6:08  Marine  
  78  6:09  Stimpack  
  79  6:12  Barracks  
  79  6:13  Supply Depot, Terran Infantry Armor Level 1  
  79  6:16  SCV x2  
  81  6:19  Orbital Command  
  81  6:23  Marine x2  
  81  6:24  Marauder  
  85  6:27  Marauder  
  85  6:28  Combat Shield  
  85  6:29  Factory Reactor  
  85  6:31  SCV x2  
  89  6:35  Supply Depot  
  89  6:41  Starport Reactor, Marine x2  
  89  6:44  Orbital Command  
  89  6:45  Marauder  
  89  6:46  SCV x2  
  95  6:51  Missile Turret  
  95  6:52  Marauder  
  97  6:58  SCV x2  
  97  6:59  Barracks Tech Lab, Marine x2  
  97  7:00  Barracks Reactor  
  101  7:10  SCV x2  
  101  7:14  SCV  
  101  7:15  Refinery  
  101  7:17  Refinery  
  101  7:18  Marauder x2, Concussive Shells  
  101  7:20  Marauder  
  101  7:22  SCV x2  
  109  7:26  SCV  
  109  7:28  Factory Tech Lab  
  110  7:30  Medivac x2  
  110  7:33  Marine x3  
  110  7:34  SCV x2, Marine  
  110  7:36  Starport, Fusion Core  
  120  7:38  SCV  
  123  7:44  Marauder x2  
  123  7:45  Supply Depot  
  123  7:47  Supply Depot x2  
  123  7:48  Supply Depot  
  123  7:50  Supply Depot  
  125  7:58  Marauder, Factory Reactor, SCV x3  
  130  8:00  Armory, Medivac  
  130  8:04  Supply Depot, Marine  
  133  8:06  Supply Depot, Marine x3  
  133  8:07  Medivac  
  133  8:11  Marauder x2  
  140  8:20  Supply Depot  
  140  8:23  SCV x2  
  140  8:24  Advanced Ballistics  
  142  8:29  Liberator x3  
  142  8:45  Marauder x3  
  156  8:56  Command Center  
  156  8:58  Terran Infantry Weapons Level 2, Reaper  
  156  8:59  Marine x3  
  159  9:06  Marine  
  159  9:08  Terran Infantry Armor Level 2  
  159  9:09  Supply Depot  
  160  9:10  Missile Turret  
  156  9:19  Marauder x2, Marine x3  
  156  9:21  Terran Ship Weapons Level 1  
  162  9:25  Supply Depot, Liberator x2  
  162  9:30  Marine  
  163  9:33  Barracks  
  163  9:38  Marine  
  163  9:39  Supply Depot, Marine x2  
  170  9:47  Barracks  
  170  9:48  Barracks  
  170  9:49  Sensor Tower  
  170  9:52  SCV x3  
  173  10:00  Marauder x2  
  173  10:01  Marine x2  
  179  10:08  Liberator  
  179  10:11  Planetary Fortress, Liberator  
  179  10:12  Liberator  
  178  10:27  Liberator  
  181  10:33  Marauder, Marine x2  
  183  10:45  Marine  
  183  10:46  Marauder  
  183  10:48  Marauder, Marine x2  
  186  10:50  Liberator  
  186  10:51  Marine  
  186  10:54  Liberator  
  186  10:55  Marauder  
  189  10:57  Marine x2  
  189  10:59  Liberator  
  189  11:02  Marine  
  189  11:03  Marine  
  191  11:07  Marauder  
  191  11:09  Marauder, Marine  
  189  11:12  Marine x2  
  189  11:15  Marine  
  189  11:16  Marauder, Marine  
  184  11:18  SCV x2  
  184  11:20  SCV  
  184  11:21  Marine  
  173  11:27  SCV  
  173  11:29  Marauder  
  173  11:30  SCV x2  
  173  11:31  Marauder  
  178  11:33  SCV, Viking  
  178  11:35  Marine  
  178  11:36  Marine  
  178  11:37  Marauder  
  183  11:42  SCV  
  183  11:44  Marine x2  
  188  11:50  Marauder, Viking  
  188  11:52  Marauder  
  188  11:53  Starport  
  192  11:59  Marauder  
  194  12:08  Marine x2  
  194  12:11  Marauder  
  194  12:14  Marauder, Viking  
  197  12:30  Marine  
  197  12:31  Marauder  
  197  12:32  Marine x2  
  197  12:33  Marauder  
  197  12:35  Marauder  
  190  12:39  Marine  
  190  12:40  Marine x2  
  190  12:42  Terran Infantry Armor Level 3, Terran Infantry Weapons Level 3  
  190  12:43  Marine  
  179  12:48  Marine  
  179  12:50  Marine x2  
  166  12:52  Marauder, Medivac x2  
  166  12:54  Marauder  
  166  12:56  Marauder, Marine  
  166  12:57  Marine, Medivac  
  175  13:01  Starport Reactor  
  175  13:03  Marine  
  171  13:10  Marine  
  171  13:11  Marine  
  164  13:13  Marauder, Refinery  
  164  13:15  Refinery  
  164  13:16  Marauder, Medivac  
  164  13:18  Marauder  
  172  13:20  Marine  
  172  13:23  Marine  
  171  13:27  Marine  
  171  13:28  Missile Turret  
  171  13:30  Viking  
  171  13:33  Viking  
  176  13:35  Marauder  
  176  13:36  Marine  
  176  13:37  Marauder  
  176  13:39  Marauder  
  176  13:40  Marine  
  184  13:46  Viking  
  180  13:54  Viking  
  173  13:56  Marauder  
  173  13:58  Marauder  
  173  14:01  Marauder, Supply Depot, Marine x2  
  173  14:02  Viking  
  183  14:07  Viking  
  184  14:14  Viking  
  184  14:15  Marine  
  184  14:16  Viking  
  188  14:17  Marauder  
  188  14:20  Marauder  
  188  14:22  Marauder, Marine  
  188  14:23  Viking  
  196  14:28  Barracks Tech Lab x2  
  196  14:29  Barracks Reactor  
  196  14:34  Viking x2  
  198  14:39  Marauder  
  198  14:41  Marauder, Sensor Tower  
  198  14:44  Ghost Academy  
  199  14:48  Liberator x2  
  168  15:00  Marauder  
  168  15:02  Marauder, Marine x2  
  168  15:03  Marine x2  
  168  15:04  Marauder, Liberator  
  162  15:08  Marine  
  162  15:09  Marauder  
  162  15:14  Marauder  
  141  15:17  Marine  
  141  15:19  Marine  
  141  15:20  Marine  
  130  15:22  Marauder  
  130  15:24  Marauder  
  130  15:26  Marauder  
  130  15:27  Liberator  
  139  15:29  Marine  
  139  15:30  Marauder  
  139  15:34  Marine  
  139  15:35  Marauder  
  145  15:37  Liberator  
  144  15:43  Marauder  
  144  15:45  Marine  
  144  15:46  Marine  
  142  15:54  Orbital Command  
  142  15:55  Marine  
  145  15:58  Marauder  
  145  16:04  Marauder, Marine x2  
  132  16:10  Marauder  
  126  16:16  Marine x2  
  126  16:17  Marauder  
  130  16:19  SCV  
  130  16:20  SCV  
  130  16:24  Marauder, Marine  
  135  16:27  SCV  
  135  16:30  Marine  
  135  16:31  Marauder  
  135  16:32  Marine  
  140  16:36  SCV x2  
  140  16:37  Marine  
  141  16:42  Marine  
  141  16:43  Marauder, Marine x2  
  130  16:56  Viking, Medivac x2  
  130  16:58  Marine x2  
  130  16:59  Marauder  
  140  17:07  Missile Turret  
  140  17:10  Marauder, Marine x2  
  140  17:14  Marauder, Marine  
  140  17:15  Medivac  
  149  17:20  Marauder, Marine x2  
  153  17:23  Marine  
  153  17:24  Marauder  
  153  17:29  Marauder  
  156  17:32  Marauder  
  156  17:36  Viking  
  160  17:40  Marauder, Marine  
  163  17:48  Marauder, Marine  
  160  17:52  Marine  
  160  17:53  Marauder  
  160  17:54  Viking  
  160  17:57  Marine  
  160  17:58  Marauder  
  156  18:02  Viking  
  153  18:15  Marine  
  153  18:16  Marauder  
  153  18:19  Viking x2  
  150  18:20  Marauder  
  150  18:23  Marauder  
  143  18:38  Marine x2  
  143  18:39  Marauder  
  130  18:46  Marauder, Marine  
  113  18:51  Marauder, Marine x4  
Show
View Real Time Build Order
Export as new Build Order

ShoWTimE Protoss - Winner!

Build Orders: 1 Gate Expand, Colossus Rush 

Get SALT Encoding   

  12  0:00  Probe  
  13  0:12  Probe  
  14  0:17  Pylon  
  14  0:24  Probe  
  15  0:32  Probe  
  15  0:37  Gateway  
  15  0:40  Probe  
  16  0:45  Assimilator  
  17  0:51  Probe  
  18  1:03  Probe  
  19  1:15  Probe  
  20  1:21  Nexus  
  20  1:31  Cybernetics Core  
  20  1:34  Probe  
  21  1:40  Assimilator  
  21  1:46  Probe  
  22  1:50  Pylon  
  22  1:58  Probe  
  22  1:59  Adept  
  25  2:09  Warp Gate  
  25  2:10  Probe  
  26  2:21  Adept, Robotics Facility  
  26  2:23  Probe  
  29  2:33  Probe  
  29  2:36  Probe  
  31  2:45  Adept, Probe  
  31  2:48  Probe  
  35  2:57  Probe  
  36  3:00  Probe  
  36  3:01  Immortal  
  37  3:09  Probe  
  42  3:15  Pylon  
  42  3:18  Probe  
  43  3:22  Probe  
  44  3:29  Gateway  
  44  3:30  Probe  
  44  3:34  Observer, Gateway  
  45  3:39  Probe  
  47  3:42  Shield Battery  
  47  3:44  Probe  
  47  3:47  Probe  
  48  3:49  Pylon  
  49  3:55  Probe  
  49  3:56  Probe  
  49  3:57  Assimilator  
  49  4:00  Observer  
  49  4:01  Assimilator  
  52  4:08  Probe, Pylon  
  53  4:11  Stalker  
  55  4:22  Probe  
  55  4:23  Probe  
  57  4:24  Forge  
  57  4:25  Observer, Robotics Bay  
  58  4:31  Stalker  
  58  4:34  Probe  
  58  4:36  Stalker  
  58  4:38  Probe  
  63  4:47  Stalker  
  63  4:48  Protoss Ground Weapons Level 1  
  63  4:49  Probe x2  
  59  4:57  Probe  
  59  5:01  Probe  
  59  5:03  Observer  
  59  5:04  Colossus  
  59  5:06  Probe  
  58  5:13  Probe  
  60  5:18  Probe  
  67  5:25  Probe  
  68  5:30  Probe  
  69  5:37  Probe, Nexus  
  69  5:42  Pylon  
  70  5:51  Pylon  
  70  5:54  Colossus  
  70  5:57  Observer  
  70  5:58  Pylon  
  70  5:59  Twilight Council  
  70  6:00  Probe x2  
  78  6:12  Probe x2  
  78  6:13  Sentry  
  82  6:20  Extended Thermal Lance  
  82  6:21  Sentry  
  82  6:24  Probe x2, Protoss Ground Armor Level 1  
  85  6:32  Pylon  
  85  6:35  Gateway  
  85  6:36  Probe  
  85  6:39  Blink  
  86  6:40  Probe  
  86  6:45  Colossus  
  87  6:48  Probe  
  87  6:50  Probe  
  89  6:55  Probe  
  89  7:00  Probe  
  97  7:02  Probe  
  97  7:07  Probe  
  99  7:12  Probe  
  99  7:14  Probe  
  100  7:18  Shield Battery  
  100  7:19  Probe  
  100  7:20  Pylon  
  101  7:24  Probe, Gateway  
  101  7:26  Probe  
  101  7:29  Gateway  
  103  7:31  Disruptor, Probe  
  103  7:36  Probe  
  105  7:38  Probe  
  105  7:42  Assimilator  
  105  7:43  Pylon  
  109  7:46  Assimilator  
  109  7:47  Stalker x2  
  109  7:50  Stalker  
  115  7:53  Probe x2  
  115  7:57  Disruptor  
  117  8:00  Forge, Pylon  
  117  8:01  Protoss Ground Weapons Level 2  
  117  8:08  Shield Battery  
  117  8:11  Pylon  
  120  8:13  Pylon  
  120  8:15  Stalker x2  
  124  8:21  Stalker x2  
  124  8:23  Protoss Ground Armor Level 2  
  128  8:31  Stalker x2  
  128  8:33  Disruptor  
  133  8:40  Shield Battery, Photon Cannon  
  133  8:46  Stalker  
  134  8:49  Charge  
  134  8:54  Stalker x2  
  136  9:02  Photon Cannon  
  136  9:06  Disruptor  
  139  9:23  Nexus  
  139  9:24  Pylon  
  139  9:26  Stalker x3  
  139  9:28  Pylon  
  145  9:36  Disruptor, Pylon  
  145  9:39  Stargate  
  145  9:43  Zealot x3  
  154  9:47  Probe  
  154  9:48  Gateway  
  155  9:56  Photon Cannon  
  155  9:57  Photon Cannon  
  155  9:59  Photon Cannon  
  154  10:03  Pylon  
  154  10:09  Stalker x2  
  158  10:15  Shield Battery  
  158  10:16  Shield Battery, Disruptor  
  161  10:21  Zealot x2  
  161  10:27  Zealot x2  
  167  10:37  Fleet Beacon  
  167  10:45  Oracle  
  167  10:48  Fleet Beacon  
  167  10:49  Stalker x2  
  165  10:52  Probe x2  
  170  10:59  Zealot  
  165  11:15  Zealot x4  
  165  11:17  Tempest  
  169  11:23  Pylon  
  173  11:27  Pylon  
  173  11:28  Pylon  
  155  11:44  Protoss Ground Armor Level 3  
  155  11:46  Stargate  
  155  11:50  Nexus  
  155  11:52  Pylon  
  155  11:56  Tempest  
  155  11:59  Stalker x2  
  165  12:16  Stalker x3  
  171  12:23  Stalker x2  
  172  12:33  Zealot x2  
  164  12:38  Tempest  
  155  12:50  Stalker x5  
  152  12:59  Protoss Ground Weapons Level 3  
  150  13:11  Nexus  
  150  13:15  Templar Archives  
  150  13:23  Stalker x3  
  156  13:32  Probe x3  
  159  13:42  Zealot x3  
  159  13:48  Tempest x2  
  173  13:55  Nexus  
  169  14:09  High Templar x4  
  173  14:15  Archon x2, Stalker x2  
  175  14:24  Stalker  
  173  14:41  High Templar x4  
  181  14:46  Archon x2, Pylon  
  181  14:47  Pylon  
  174  14:59  Tempest  
  132  15:08  Stalker x3  
  112  15:22  Stalker x2  
  112  15:23  Stalker x2  
  112  15:26  Probe x2  
  122  15:37  Stalker x2  
  126  15:46  Disruptor, Pylon  
  127  15:50  Stalker x2  
  127  15:55  Stalker  
  132  16:01  Zealot x2  
  131  16:07  Zealot  
  123  16:16  Observer  
  123  16:17  Zealot x2  
  127  16:37  Nexus  
  127  16:39  Zealot x3  
  133  16:43  Zealot  
  133  16:48  Stalker  
  133  16:49  Observer, Stalker  
  122  16:54  Disruptor  
  125  17:03  Stalker x2  
  125  17:05  Pylon  
  129  17:30  Disruptor, Zealot x6  
  129  17:31  Zealot  
  143  17:54  Stalker x5  
  139  17:59  Zealot  
  137  18:05  Observer  
  135  18:18  High Templar x5  
  135  18:19  High Templar  
  147  18:22  Archon x2  
  147  18:23  Archon  
  122  18:48  Stalker  
  122  18:56  Nexus  
  122  18:58  Zealot x5  
Tags
 
Add a new tag
Caveats
  • Supply blocks, unpowered buildings, or Contaminate may cause inaccurate times.
  • Supply counts are checked every 10 seconds.